 Dungeon Crawl Stone Soup version 0.20.1-1-g8b1a95d66d (webtiles) character file.

170 Kanelkatt the Skirmisher (level 5, -2/43 HPs)
             Began as a Demonspawn Abyssal Knight on Nov 30, 2017.
             Was an Initiate of Yredelemnul.
             Slain by an orc wizard
             ... wielding a +0 trident
              (3 damage)
             ... on level 4 of the Dungeon.
             The game lasted 00:08:01 (1510 turns).

Kanelkatt the Skirmisher (DsAK)                     Turns: 1510, Time: 00:08:03

Health: -2/43      AC:  5    Str: 13    XL:     5   Next: 25%
Magic:  6/6        EV: 11    Int: 14    God:    Yredelemnul [......]
Gold:   101        SH:  0    Dex: 12    Spells: 4/4 levels left

rFire    . . .     SeeInvis .   i - +0 trident
rCold    . . .     Gourm    .   (no shield)
rNeg     . . .     Faith    .   b - +0 leather armour
rPois    .         Spirit   .   (helmet restricted)
rElec    .         Reflect  .   (no cloak)
rCorr    .         Harm     .   (no gloves)
MR       .....                  (no boots)
Stlth    +.........             (no amulet)
Regen    0.2/turn               f - +2 ring of protection
MPRegen  0.1/turn               (no ring)

@: no status effects
A: antennae 1, claws 2
a: Renounce Religion


You were on level 4 of the Dungeon.
You worshipped Yredelemnul.
Yredelemnul was noncommittal.
You were very full.

You visited 1 branch of the dungeon, and saw 4 of its levels.
You visited the Abyss 1 time.

You collected 101 gold pieces.

Inventory:

Hand Weapons
 a - a +1 falchion
 e - a +0 spear
 g - a +0 dagger
 i - a +0 trident (weapon)
 l - a +0 flail
Armour
 b - a +0 leather armour (worn)
 h - a +0 leather armour
Jewellery
 f - a +2 ring of protection (left claw)
Wands
 k - a wand of acid (2/15)
Potions
 d - a potion of curing {unknown}
 m - a potion of ambrosia {unknown}
Comestibles
 c - 3 bread rations
 j - a royal jelly


   Skills:
 + Level 4.8 Fighting
 + Level 3.0(4.0) Short Blades
 + Level 4.0(4.5) Long Blades
 + Level 0.5 Polearms
 + Level 4.0 Armour
 + Level 1.6 Dodging
 + Level 0.2 Stealth
 + Level 2.4 Invocations


You had 4 spell levels left.
You didn't know any spells.

Dungeon Overview and Level Annotations

Branches:
Dungeon (4/15)
 Temple: D:4-7

Altars:
Ashenzari
Yredelemnul


Innate Abilities, Weirdness & Mutations

You have a pair of small antennae on your head.
You have very sharp fingernails.


Message History

The orc wizard flickers and vanishes!
Deactivating autopickup; reactivate with Ctrl-A.
The orc hits you with a dagger.
* * * LOW HITPOINT WARNING * * *
There is an open door here.
You hear some strange, mumbled words.
You puncture the ball python skeleton!
You destroy the ball python skeleton!
Yredelemnul accepts your kill. The orc closely misses you. Something hits you.
* * * LOW HITPOINT WARNING * * *
You hit the orc.
The orc is heavily wounded.
The orc hits you but does no damage. Something hits you.
* * * LOW HITPOINT WARNING * * *
The orc hits you with a dagger.
* * * LOW HITPOINT WARNING * * *
Something hits you.
You die...
Your body rises from the dead as a mindless zombie.

... ##.. ##..o #.o.#
#.#o## #####
#..)o###...##
#...##.....##
#..{#.......#
+..oo@...(..#
#...#.......#
#...##.....##
#...###...## #####
#...# #####
##...###...###...##
##.....##...##.....##
#.......#...#(......#
#.......'...'.......#


You could see an orc priest and an orc.

Vanquished Creatures
  3 orc priests (D:4)
  An orc wizard (D:4)
  An adder skeleton (D:4)
  A leopard gecko (D:2)
  7 orcs
  2 giant cockroaches
  4 hobgoblins
  2 jackals (D:3)
  2 ball pythons
  A ball python skeleton (D:4)
  A frilled lizard (D:1)
  A jackal zombie (D:4)
  A spectral orc (D:3)
27 creatures vanquished.

Notes
Turn   | Place    | Note
-------+----------+-------------------------------------------
     0 | Abyss:1  | Kanelkatt the Demonspawn Abyssal Knight began the quest for the Orb.
     0 | Abyss:1  | Reached XP level 1. HP: 18/18 MP: 2/2
    19 | D:1      | Escaped the Abyss
   194 | D:1      | You fall through a shaft!
   371 | D:2      | Gained mutation: You have sharp fingernails. [demonic ancestry]
   371 | D:2      | Reached XP level 2. HP: 26/26 MP: 3/3
   449 | D:3      | Gained mutation: You have a pair of small antennae on your head. [demonic ancestry]
   449 | D:3      | Reached XP level 3. HP: 32/32 MP: 4/4
   526 | D:3      | Found a basalt altar of Yredelemnul.
   555 | D:3      | Fell from the grace of Lugonu
   555 | D:3      | Became a worshipper of Yredelemnul the Dark
   628 | D:4      | Found a shattered altar of Ashenzari.
   757 | D:4      | Reached skill level 1 in Dodging
   757 | D:4      | Gained mutation: You have very sharp fingernails. [demonic ancestry]
   757 | D:4      | Reached XP level 4. HP: 14/38 MP: 5/5
  1441 | D:4      | Reached XP level 5. HP: 43/43 MP: 6/6
  1510 | D:4      | HP: 1/43 [orc/dagger (2)]
  1510 | D:4      | Slain by an orc wizard

Skill      XL: |  1  2  3  4  5 |
---------------+----------------+-----
Fighting       | 4 |  4.8
Short Blades   | 3 |  3.0
Long Blades    | 3 4 |  4.0
Armour         | 3 4 |  4.0
Dodging        | 1 |  1.6
Polearms       | |  0.5
Stealth        | |  0.2
Invocations    | |  2.4

Action                   |  1- 3 |  4- 6 || total
-------------------------+-------+-------++-------
Melee: Falchion          |    45 |     2 ||    47
       Trident           |       |    50 ||    50
Evoke: Wand              |       |     1 ||     1
  Use: Potion            |     1 |       ||     1
       Scroll            |     1 |     3 ||     4
  Eat: Meat ration       |       |     1 ||     1
       Bread ration      |       |     1 ||     1
Armor: Leather armour    |    15 |    32 ||    47
Dodge: Dodged            |    29 |    44 ||    73
       Rpst.: Falchion   |     9 |     4 ||    13
